[Event "*** Titled Tuesday Blitz"]
[Site "Chess.com"]
[Date "2020.05.26"]
[Round "3"]
[White "DinaBelenkaya"]
[Black "heartofatiger"]
[Result "0-1"]
[WhiteElo "2246"]
[BlackElo "2499"]
[TimeControl "180+1"]
[EndTime "10:29:42 PDT"]
[Termination "heartofatiger won by resignation"]

1. e4 Nf6 2. e5 Nd5 3. d4 d6 4. c4 Nb6 5. exd6 cxd6 6. Nc3 g6 7. Be3 Bg7 8. Rc1 O-O 9. b3 N6d7 10. Be2 e5 11. dxe5 dxe5 12. Nf3 Nc6 13. O-O f5 14.
Nd5 f4 15. Bd2 e4 16. Ne1 f3 17. gxf3 Nde5 18. fxe4 Qh4 19. f4 Ng4 20. Nf3 Bd4+ 21. Kg2 Qh5 22. Qe1 Nf6 23. Nxf6+ Bxf6 24. Qg3 Be6 25.
Nd4 Qh3+ 26. Qxh3 Bxh3+ 27. Kxh3 Nxd4 28. Rce1 Rad8 29. e5 Be7 30. Bg4 h5 31. Bd1 Nf5 32.
Re2 Rd3+ 33. Kg2 Rfd8 34. Rff2 Bc5 35. Bc2 Nh4+ 36. Kf1 R3d7 37. f5 Bxf2 38. e6 Rxd2 39. e7 R2d7 40. exd8=Q+ Rxd8 41. Kxf2 g5 42. f6 Kf7 43.
Be4 b6 44. Bd5+ Kxf6 45. Ke3 Re8+ 46. Kd3 Rd8 47. Kd4 Nf5+ 48. Kd3 g4 49. Rf2 Kg5 50. Ke4 Nd6+ 51. Ke5 h4 52. Ke6 Nc8 53. Rf5+ Kg6 54. Rf6+ Kg5 55. Rf5+ Kg6 56. Rf6+ Kg5 57. Rf7 Rd6+ 58.
Ke5 Rg6 59. Rf5+ Kh6 60. Rf8 Ne7 61. Rh8+ Kg7 62. Rxh4 g3 63. hxg3 Rxg3 64. Rf4 Ng6+ 65.
Ke4 Nxf4 66. Kxf4 Rg1 67. a4 Kf8 68. Ke5 Ke7 69. b4 Rb1 70. b5 Ra1 71. Kd4 Rxa4 72.
Be4 Kd6 73. Bb7 Ra3 74. Bd5 Ra1 75. Bb7 Rd1+ 76. Kc3 Kc5 77. Be4 Rd4 78. Bd5 Rxd5 79. cxd5 Kxd5 80. Kb4 Kd4 81. Kb3 Kc5 82. Ka4 Kc4 0-1

[Event "*** Titled Tuesday Blitz"]
[Site "Chess.com"]
[Date "2020.05.26"]
[Round "3"]
[White "latixxa"]
[Black "Agnes66678"]
[Result "0-1"]
[WhiteElo "2115"]
[BlackElo "2473"]
[TimeControl "180+1"]
[EndTime "10:29:43 PDT"]
[Termination "Agnes66678 won on time"]

1. e4 c6 2. Ne2 d5 3. e5 g6 4.
d4 Bg7 5. Ng3 Nh6 6. Bf4 O-O 7.
Bd3 f6 8. Qd2 Nf7 9. exf6 exf6 10.
Nc3 Na6 11. a3 Nc7 12. h4 Ne6 13. Be3 f5 14. Nce2 Nd6 15. c3 Ne4 16. Bxe4 dxe4 17. Nf4 Nxf4 18. Bxf4 h5 19. O-O-O Be6 20. Ne2 Qd5 21. Bg5 Qa2 22. Qc2 Bb3 23. Qb1 Qxb1+ 24. Kxb1 Bxd1 25. Rxd1 Rfd8 26. Nf4 Rd6 27. Be7 Rd7 28.
Bg5 Kf7 29. g3 Bf8 30. Nh3 b5 31. Be3 Be7 32. Ng5+ Bxg5 33. Bxg5 a5 34. Bd2 c5 35. dxc5 Rad8 36. Kc2 Rd3 37. b4 axb4 38. axb4 Ke6 39. Kc1 R8d5 40. Kc2 Kd7 41. Kc1 Kc6 42. Kc2 Rd8 43. Kc1 R8d7 44. Kc2 Kd5 45. Be3 Kc4 46.
Rxd3 exd3+ 47. Kd2 Ra7 48. Bd4 Ra2+ 49. Kd1 Ra6 50. Kd2 Re6 51. Kd1 Re7 52. Kd2 Re2+ 53. Kd1 Kd5 54. Be3 Rc2 55. Bd4 f4 56. gxf4 Ra2 57.
Be3 Re2 58. Bd4 Re4 59. Be3 Re6 60. Kd2 Kc4 61. Bd4 Re2+ 62. Kd1 Re6 63. Kd2 Ra6 64.
Be5 Ra2+ 65. Kd1 Kd5 66. Bd4 Ke4 67. c6 Ra6 68. c7 Rc6 69. Be5 Rc4 70. Kd2 Rc6 71.
f3+ Kxf3 72. Kxd3 Kg4 73. Kd4 Kxh4 74. Kd5 Rc4 75. Bd6 Rxc7 76. Bxc7 Kg4 77. Ke4 h4 78. Bb6 Kg3 79. Bg1 Kg2 80. Bd4 h3 81. f5 h2 82.
fxg6 h1=Q 83. g7 Qb1+ 84. Ke5 Qg6 0-1

[Event "*** Titled Tuesday Blitz"]
[Site "Chess.com"]
[Date "2020.05.26"]
[Round "3"]
[White "andy_rekt"]
[Black "Julianos82"]
[Result "1-0"]
[WhiteElo "2159"]
[BlackElo "2303"]
[TimeControl "180+1"]
[EndTime "10:29:43 PDT"]
[Termination "andy_rekt won by resignation"]

1. c4 c5 2. Nc3 b6 3. e4 Bb7 4. d3 Nc6 5. g3 g6 6. Bg2 Bg7 7. Nge2 e6 8. O-O Nge7 9. Be3 Nd4 10. Rb1 O-O 11. b4 d6 12. f4 Rb8 13. bxc5 dxc5 14. e5 Bxg2 15. Kxg2 Nef5 16. Bf2 f6 17. g4 Nxe2 18. Qxe2 Nd4 19. Bxd4 Qxd4 20. exf6 Qxc3 21.
Qxe6+ Rf7 22. fxg7 Kxg7 23. Qe4 Rbf8 24. Rf2 Kg8 25.
Rbf1 Qf6 26. f5 Qh4 27. Rf4 Re7 28. Qd5+ Kh8 29. Qf3 gxf5 30. Rxf5 Rg8 31. Rf8 Rg7 32. Rxg8+ Rxg8 33. h3 Qg5 34. Qf6+ Qxf6 35. Rxf6 Kg7 36. Rd6 Rf8 37. Rd7+ Kg6 38. Rxa7 Rd8 39. Rb7 Rd6 40. Kf2 h5 41. Ke3 h4 42. Re7 Kf6 43. Rh7 Kg5 44. Rh5+ Kg6 45. Rxh4 Re6+ 46. Kd2 Rf6 47. Rh5 Re6 48.
Rd5 Rf6 49. h4 Rf2+ 50. Ke3 Rxa2 51. Rd6+ Kg7 52. Rxb6 Rg2 53. Kf4 Rd2 54. Kg5 Rxd3 55. Rb7+ Kg8 56. h5 Rd4 57. h6 Kh8 58. Kg6 Rd6+ 59.
Kg5 Rd4 60. Kh5 Rxc4 61. g5 Rd4 62. g6 Rd8 63. Rc7 c4 64. Rxc4 Kg8 65. Rc7 Kh8 66.
Rh7+ Kg8 67. Rg7+ Kh8 68. Rb7 Re8 69. Kg5 Rf8 70. Rc7 Re8 71. Rf7 Rd8 72. g7+ Kg8 73. Rf6 Kh7 74. Rf7 Rd5+ 75. Rf5 Rd8 76. Rf8 Rd5+ 77. Kf4 Rd4+ 78. Ke5 Rg4 79. Rh8+ Kg6 80. g8=Q+ Kh5 81. Qf7+ Rg6 82. Qxg6+ Kxg6 83. Kf4 1-0

[Event "*** Titled Tuesday Blitz"]
[Site "Chess.com"]
[Date "2020.05.26"]
[Round "3"]
[White "kingmonkey2006"]
[Black "InitiatingASC"]
[Result "0-1"]
[WhiteElo "2570"]
[BlackElo "2395"]
[TimeControl "180+1"]
[EndTime "10:29:45 PDT"]
[Termination "InitiatingASC won by checkmate"]

1. e4 c5 2. Nf3 Nc6 3. d4 cxd4 4. Nxd4 Nf6 5. Nc3 e5 6. Ndb5 h6 7. Nd6+ Bxd6 8. Qxd6 Qe7 9. Qd2 d6 10. b3 O-O 11.
Ba3 Rd8 12. f3 Nd4 13. Bc4 Be6 14. Nd5 Bxd5 15. Bxd5 Nxd5 16. exd5 Qh4+ 17. Kf1 Rac8 18. c3 Nf5 19. Kg1 h5 20. g3 Qf6 21. Bb2 Rc5 22.
c4 b5 23. Rc1 bxc4 24. Rxc4 Rxc4 25. bxc4 Rc8 26. Qe2 Qg5 27. Kf2 h4 28. g4 Ne7 29.
Bc1 Qg6 30. Be3 e4 31. f4 Qf6 32. Rb1 Ng6 33. g5 Qf5 34. Kg1 Nxf4 35. Bxf4 Qxf4 36.
Kh1 e3 37. Rf1 Qxc4 38. Qf3 Rc7 39. Re1 Rc5 40. Qxe3 Qxd5+ 41. Kg1 Qxg5+ 42. Qxg5 Rxg5+ 43. Kf2 Ra5 44. Re8+ Kh7 45. Re2 Kg6 46. Rd2 d5 47. Kf3 Kf6 48. Kf4 g5+ 49. Ke3 Ke5 50. Rf2 f5 51.
Rb2 Ra3+ 52. Ke2 d4 53. Rb8 Rxa2+ 54. Kd3 Rxh2 55. Re8+ Kf4 56. Kxd4 Kg4 57. Ke5 f4 58. Rb8 f3 59. Rb1 Kg3 60. Ke4 g4 61. Rg1+ Rg2 62.
Rf1 h3 63. Ke3 h2 64. Rb1 Rg1 65. Rb4 h1=Q 66. Ke4 Re1+ 67. Kf5 f2 68. Rf4 Qf3 69. Rxf3+ Kxf3 70. Kg5 f1=Q 71. Kh4 g3 72. Kg5 g2 73. Kf5 Kg3+ 74. Kg5 Re5+ 75. Kg6 Qf5+ 76. Kh6 Re6+ 77. Kg7 Re7+ 78. Kg8 Qf7+ 79. Kh8 Qh7# 0-1

[Event "*** Titled Tuesday Blitz"]
[Site "Chess.com"]
[Date "2020.05.26"]
[Round "3"]
[White "Siemba"]
[Black "Sadykov_Ramil"]
[Result "1-0"]
[WhiteElo "2287"]
[BlackElo "2486"]
[TimeControl "180+1"]
[EndTime "10:29:46 PDT"]
[Termination "Siemba won by resignation"]

1. e4 c5 2. Nf3 Nc6 3. d4 cxd4 4. Nxd4 e6 5. Nc3 d6 6. Nxc6 bxc6 7. Bd3 e5 8. O-O Nf6 9. Kh1 Be7 10. f4 O-O 11.
Qe1 exf4 12. Bxf4 Be6 13. e5 dxe5 14. Bxe5 Nd5 15. Qg3 f6 16. Nxd5 Qxd5 17. Bc3 Bd6 18. Qh4 h6 19. Rad1 Qg5 20. Qf2 Be5 21. Bd2 Qh5 22.
g3 Bg4 23. Rde1 Kh8 24. Be2 Bxe2 25. Rxe2 Qg6 26. c3 Rae8 27. Be3 Rd8 28. Bxa7 Rd5 29. Bc5 Rfd8 30. Rfe1 Rd3 31. Be3 h5 32. Rd2 h4 33.
gxh4 Qe4+ 34. Kg1 Qg4+ 35. Kh1 Qe4+ 36. Kg1 Qg4+ 37. Qg2 Qf5 38. Rxd3 Rxd3 39. Qf2 Qg4+ 40. Qg2 Qf5 41. Bf2 Qf4 42. Bg3 Qf5 43. Bxe5 fxe5 44. Rf1 Qe6 45. Rf8+ Kh7 46. Qe4+ Qg6+ 47. Qxg6+ Kxg6 48. Rf2 e4 49. Re2 Kf5 50. Kf2 Kf4 51.
a4 Rf3+ 52. Kg2 e3 53. a5 Ke4 54. b4 Rf7 55. a6 Kd3 56. Ra2 e2 57. Rxe2 Kxe2 58.
c4 Kd3 59. b5 Kxc4 60. b6 Rf5 61. b7 Rb5 62. a7 Rxb7 63. a8=Q Rb2+ 64. Kg3 Kd5 65.
Qd8+ Kc5 66. Qe7+ Kb5 67. Qxg7 Rb4 68. Qe5+ c5 69. h5 Rb3+ 70. Kg4 Rb4+ 71. Kg5 Rb1 72. h6 Rg1+ 73. Kh5 Rd1 74. h7 Kb4 75. h8=Q 1-0

[Event "*** Titled Tuesday Blitz"]
[Site "Chess.com"]
[Date "2020.05.26"]
[Round "3"]
[White "WhiteCapital80"]
[Black "MrMatesM"]
[Result "1/2-1/2"]
[WhiteElo "2408"]
[BlackElo "2595"]
[TimeControl "180+1"]
[EndTime "10:29:47 PDT"]
[Termination "Game drawn by repetition"]

1. e4 c5 2. Nf3 d6 3. d4 cxd4 4. Nxd4 Nf6 5. Nc3 a6 6. Be2 e5 7. Nb3 Be7 8. O-O O-O 9. Kh1 b5 10. a4 b4 11. Nd5 Nxd5 12. Qxd5 Ra7 13. Be3 Be6 14. Qd2 Rb7 15. f4 Qc7 16. f5 Bd7 17. Rad1 a5 18. Bd3 Bc6 19. f6 Bxf6 20. Rxf6 gxf6 21.
Bh6 Nd7 22. Qf2 Kh8 23. Bxf8 Nxf8 24. Qxf6+ Kg8 25. h4 Bxa4 26. Qg5+ Kh8 27. Qf6+ Kg8 28. Qg5+ Ng6 29. h5 Qe7 30. Qg3 Qh4+ 31. Qxh4 Nxh4 32. Nxa5 Rc7 33. b3 Bd7 34. Nc4 Bg4 35. Ra1 Rd7 36.
Ra6 Bxh5 37. Nxd6 Bg4 38. Ra8+ Kg7 39. Ne8+ Kg6 40. Kh2 Kg5 41. Ng7 Ng6 42. g3 Bd1 43. Rc8 h5 44. Nf5 h4 45. gxh4+ Nxh4 46. Nxh4 Kxh4 47.
Rc4 Rd4 48. Rc5 f6 49. Rc6 Kg5 50. Kg3 Bh5 51. Rc8 Bg6 52. Rc4 Bf7 53. Rxd4 exd4 54. Kf3 Bh5+ 55. Kg3 Bd1 56. Kf2 Kf4 57. Ke1 Bg4 58.
Kf2 Bd7 59. Ke1 Bc6 60. Kd2 Bxe4 61. Bc4 Bg6 62. Bd5 Kg3 63. Be6 f5 64. Kd3 f4+ 65.
Kxd4 Bxc2 66. Bd5 Kf2 67. Kc4 Ke3 68. Kxb4 Be4 69. Bc4 f3 70. Kc3 Bf5 71. b4 Bg4 72.
b5 f2 73. b6 Bf3 74. Kb4 Kd4 75. Ba6 Bd5 76. Bf1 Bf3 77. Kb5 Ke3 78. Ka6 Be2+ 79. Bxe2 Kxe2 80. b7 f1=Q 81. b8=Q Kd2+ 82. Ka7 Qf2+ 83.
Qb6 Qf7+ 84. Qb7 Qe6 85. Qb6 Qe5 86. Qb7 Qa1+ 87. Qa6 Qd4+ 88. Qb6 Qa4+ 89. Qa6 Qd7+ 90. Qb7 Qa4+ 91. Qa6 Qd7+ 92. Qb7 Qa4+ 93. Qa6 1/2-1/2

[Event "*** Titled Tuesday Blitz"]
[Site "Chess.com"]
[Date "2020.05.26"]
[Round "3"]
[White "NotFischer"]
[Black "Denis_Palkovich"]
[Result "0-1"]
[WhiteElo "2131"]
[BlackElo "2315"]
[TimeControl "180+1"]
[EndTime "10:29:48 PDT"]
[Termination "Denis_Palkovich won on time"]

1. e4 d5 2. exd5 Nf6 3. Nf3 Nxd5 4. d4 g6 5. c4 Nb6 6. Nc3 Bg7 7. Be3 O-O 8. Qd2 Bg4 9. Be2 Nc6 10. O-O-O e5 11. Nxe5 Nxe5 12. dxe5 Qxd2+ 13. Rxd2 Bxe2 14. Rxe2 Nxc4 15. Bd4 b6 16. f4 c5 17. Bf2 Bh6 18. g3 Rae8 19. b3 Nxe5 20. Kc2 Nc6 21. Rhe1 Rxe2+ 22. Rxe2 Bg7 23. Nd5 Rd8 24. Ne7+ Nxe7 25.
Rxe7 Ra8 26. f5 Bf6 27. Rd7 gxf5 28. Be3 Kg7 29. Bf4 Kg6 30. h4 h5 31. Rd6 Kg7 32. Bh6+ Kxh6 33. Rxf6+ Kg7 34. Rxf5 Kg6 35. Rg5+ Kh6 36.
Rf5 Kg6 37. Rg5+ Kh6 38. Rd5 Re8 39. Rd7 Kg6 40. Rxa7 Re3 41. Rb7 Rxg3 42. Rxb6+ Kf5 43. a4 Kg4 44. a5 Rg1 45. a6 Ra1 46. Rh6 Kxh4 47.
Kc3 Kg5 48. Rh7 f5 49. Kc4 Rxa6 50. Kxc5 Ra1 51. b4 Rc1+ 52. Kd6 Rb1 53. Kc5 f4 54. b5 Kg4 55. b6 h4 56. Kc6 f3 57. b7 Kg3 58. Rg7+ Kh2 59. Kc7 h3 60. b8=Q Rxb8 61. Kxb8 f2 62. Rf7 Kg1 63. Rg7+ Kh2 64. Rf7 Kg2 65. Rg7+ Kf3 66. Rf7+ Ke2 67. Re7+ Kd2 68. Rf7 Ke3 69. Re7+ Kd2 70. Rf7 Ke2 71. Re7+ Kd3 72. Rf7 h2 73. Rxf2 h1=Q 74. Rf7 Qe4 75. Rc7 Kd4 76.
Kc8 Qe5 77. Rd7+ Kc5 78. Rc7+ Kd5 79. Rd7+ Kc6 0-1

[Event "*** Titled Tuesday Blitz"]
[Site "Chess.com"]
[Date "2020.05.26"]
[Round "3"]
[White "RobPeresian"]
[Black "MartinCerveny"]
[Result "1/2-1/2"]
[WhiteElo "2316"]
[BlackElo "2505"]
[TimeControl "180+1"]
[EndTime "10:29:50 PDT"]
[Termination "Game drawn by repetition"]

1. Nf3 d5 2. d4 Nf6 3. c4 c6 4. Nc3 a6 5. cxd5 cxd5 6. Bf4 Nc6 7. e3 e6 8. Rc1 Be7 9. Bd3 O-O 10. O-O Bd7 11.
Na4 Nb4 12. Bb1 Bxa4 13. Qxa4 Nc6 14. h3 Qb6 15. Rc2 Qb5 16. Qxb5 axb5 17. a3 Nd7 18.
Rfc1 Rfc8 19. Rc3 f6 20. Bd3 b4 21. axb4 Bxb4 22. Rb3 e5 23. Bf5 exf4 24. Bxd7 Rcb8 25.
Be6+ Kf8 26. Bxd5 fxe3 27. fxe3 Bd6 28. Bxc6 bxc6 29. Rxb8+ Rxb8 30. Rxc6 Ke7 31. Rc2 f5 32. g4 g6 33. Kf2 Ke6 34. Ke2 Kd5 35. gxf5 gxf5 36. Nd2 Rg8 37. b3 Rg2+ 38. Kd3 Rg3 39. Nc4 f4 40. h4 Be7 41. Rf2 f3 42. e4+ Ke6 43. Ne5 Bxh4 44. Rxf3 Rg2 45. Rh3 Bf6 46.
Nf3 Rg7 47. e5 Bd8 48. Ke4 Rg4+ 49. Ke3 Rg7 50. b4 Rb7 51. Ke4 Rxb4 52. Rxh7 Be7 53. Rh6+ Kd7 54. Kd5 Rb5+ 55. Ke4 Rb1 56. Nd2 Rd1 57.
Nc4 Rb1 58. d5 Re1+ 59. Kf5 Rf1+ 60. Kg6 Rg1+ 61. Kf7 Rf1+ 62. Kg7 Rc1 63. e6+ Kc7 64. d6+ Bxd6 65. Nxd6 Kxd6 66. Kf7 Rc7+ 67. Kf6 Re7 68.
Kf5 Rg7 69. Rh1 Ke7 70. Rd1 Rg8 71. Rd7+ Ke8 72. Kf6 Rg1 73. Ra7 Rf1+ 74. Ke5 Re1+ 75. Kd6 Rd1+ 76. Ke5 Re1+ 77. Kf6 Rf1+ 78. Ke5 Re1+ 1/2-1/2

[Event "*** Titled Tuesday Blitz"]
[Site "Chess.com"]
[Date "2020.05.26"]
[Round "3"]
[White "blitzking1729"]
[Black "doctorcristian"]
[Result "1-0"]
[WhiteElo "2509"]
[BlackElo "2288"]
[TimeControl "180+1"]
[EndTime "10:29:56 PDT"]
[Termination "blitzking1729 won by checkmate"]

1. d4 Nf6 2. Bg5 Ne4 3. Bf4 d5 4. f3 Nd6 5. e4 c6 6. Nc3 Qb6 7. Nge2 e6 8. e5 Nf5 9. Rb1 c5 10. Na4 Qa5+ 11. c3 cxd4 12. Nxd4 Nxd4 13. b4 Nxf3+ 14.
gxf3 Qd8 15. Bd3 Qh4+ 16. Bg3 Qh3 17. Qe2 Bd7 18. Nc5 Bxc5 19. bxc5 Bc6 20. Rg1 Nd7 21. Qe3 Qh5 22. Bf4 Qh4+ 23. Kd2 g6 24. Rg4 Qe7 25.
Bb5 Qxc5 26. Qxc5 Nxc5 27. Bxc6+ bxc6 28. Be3 Nd7 29. Ra4 O-O 30. f4 c5 31. Rb7 Nb6 32.
Raxa7 Nc4+ 33. Kd3 Rxa7 34. Rxa7 Nxe3 35. Kxe3 Rb8 36.
a4 Rb2 37. a5 Rxh2 38. Rc7 Rh3+ 39. Kd2 c4 40. a6 Rh2+ 41. Ke3 Ra2 42. a7 Kg7 43.
Kd4 Ra5 44. Ke3 h5 45. Kf3 Ra3 46. Kg2 h4 47. Kh2 g5 48. fxg5 Kg6 49. Rb7 h3 50. Rc7 Kxg5 51. Rxf7 Kg4 52. Rg7+ Kf5 53. Kxh3 Rxc3+ 54.
Rg3 Rxg3+ 55. Kxg3 c3 56. a8=Q Ke4 57. Qc6 Kd3 58.
Qxe6 d4 59. Qf5+ Kd2 60. e6 c2 61. e7 c1=Q 62. Qf4+ Kc2 63. Qxc1+ Kxc1 64. e8=Q d3 65. Qc6+ Kd1 66. Kf2 d2 67. Ke3 Ke1 68. Qh1# 1-0

[Event "*** Titled Tuesday Blitz"]
[Site "Chess.com"]
[Date "2020.05.26"]
[Round "3"]
[White "GoltsevDmitry2000"]
[Black "mishanick"]
[Result "1-0"]
[WhiteElo "2692"]
[BlackElo "2953"]
[TimeControl "180+1"]
[EndTime "10:29:59 PDT"]
[Termination "GoltsevDmitry2000 won by resignation"]

1. e4 c5 2. Nf3 d6 3. d4 cxd4 4.
Nxd4 Nf6 5. Nc3 a6 6. a4 e5 7. Nb3 Be7 8. Be2 Be6 9. Be3 Nc6 10.
Nd5 Bxd5 11. exd5 Nb4 12. c4 a5 13. O-O b6 14. f4 Nd7 15. fxe5 Nxe5 16. Nd4 O-O 17.
Qd2 Re8 18. Nf5 Bf8 19. b3 Na6 20. Rae1 Nc5 21. Bxc5 bxc5 22. Bd1 g6 23. Ng3 f5 24. Ne2 Qf6 25. Nc3 Qh4 26. Nb5 Bh6 27. Qc3 Qe7 28.
Re2 Bg7 29. Qd2 h5 30. Rfe1 Kh7 31. Bc2 Bh6 32. Qc3 Bg7 33. Qd2 Qd7 34. Qf4 Re7 35. Qg3 Rae8 36. h3 Qd8 37. Kh1 Bf6 38. Qf2 h4 39.
Qf1 Kg7 40. Re3 Bg5 41. R3e2 Rd7 42. Qf2 Qf6 43. Qf1 Rde7 44. Qf2 Bh6 45. Qf1 Qf8 46. Qf2 Rd8 47. Nxd6 Rxd6 48. Rxe5 Rxe5 49. Rxe5 Qf6 50. Qe1 Bf4 51. Re2 Bg3 52. Re7+ Kh6 53. Qe3+ f4 54. Qe2 Qb2 55. Bd1 Qd4 56. Re6 Rxe6 57.
dxe6 f3 58. Qxf3 Bd6 59. Qe2 Qf4 60. Kg1 Qh2+ 61. Kf1 Qh1+ 62. Kf2 Qh2 63. Qe3+ Kh7 64. e7 Bg3+ 65. Kf3 Qh1 66. e8=Q Qxd1+ 67. Ke4 Qb1+ 68. Kd5 Qf5+ 69. Kc6 Qf6+ 70. Kb5 Be5 71. Q3xe5 1-0

[Event "*** Titled Tuesday Blitz"]
[Site "Chess.com"]
[Date "2020.05.26"]
[Round "3"]
[White "MFBerna"]
[Black "HrvojeZagreb"]
[Result "1-0"]
[WhiteElo "2400"]
[BlackElo "2170"]
[TimeControl "180+1"]
[EndTime "10:30:00 PDT"]
[Termination "MFBerna won on time"]

1. e4 e6 2. d4 d5 3. Nd2 dxe4 4.
Nxe4 Nd7 5. Nf3 Ngf6 6. Nxf6+ Nxf6 7. Bd3 c5 8. O-O cxd4 9. Nxd4 Bc5 10. Nb3 Bb6 11.
Qe2 Bd7 12. Be3 Nd5 13. Bd2 Qh4 14. g3 Qh3 15. c4 Nf6 16. c5 Bc6 17. f3 Bc7 18.
Nd4 O-O 19. Nxc6 bxc6 20. Bc2 Rfd8 21. Rad1 Rd5 22. b4 Rh5 23. Qg2 Qxg2+ 24. Kxg2 a5 25. a3 Nd5 26. Ba4 axb4 27. Bxc6 Rxa3 28. Bxd5 Rxd5 29.
Bxb4 Rad3 30. Rxd3 Rxd3 31. Ra1 h5 32. Ra7 Be5 33.
f4 Bc3 34. Ba3 Bd4 35. Ra8+ Kh7 36. c6 Rc3 37. Ra6 Kg6 38. Bd6 f6 39. c7 e5 40.
fxe5 Kf5 41. exf6 gxf6 42. Bf4 Be5 43. Ra5 Rxc7 44. Bxe5 fxe5 45. Ra6 Rc2+ 46. Kh3 e4 47. Ra5+ Kg6 48. Ra6+ Kf5 49. Ra5+ Kg6 50. Re5 Re2 51. Re8 e3 52. Re5 Kf6 53. Rxh5 Rf2 54. Rh6+ Kf5 55.
Rh8 e2 56. Re8 Kg5 57. Re5+ Kf6 58. Re8 Kg5 59. g4 Kh6 60. Kg3 Rf1 61. Rxe2 Rf6 62.
Rg2 Rc6 63. h4 Kg7 64. Kh3 Rb6 65. Rg3 Ra6 66. h5 Kh7 67. Kh4 Ra1 68. g5 Ra4+ 69. Rg4 Ra1 70. Re4 Rh1+ 71. Kg4 Rg1+ 72. Kf5 Rf1+ 73.
Rf4 Rh1 74. h6 Ra1 75. Re4 Ra7 76. Kf6 Ra2 77. Re7+ Kh8 78. Re8+ Kh7 79. Re7+ Kh8 80. Kg6 Ra6+ 81. Kh5 Ra5 82. Rf7 Ra6 83. Rf4 Ra5 84. Rf6 Rb5 85. Kg6 1-0

[Event "*** Titled Tuesday Blitz"]
[Site "Chess.com"]
[Date "2020.05.26"]
[Round "3"]
[White "Arman_Hakemi"]
[Black "ChelsieMonica"]
[Result "1/2-1/2"]
[WhiteElo "2552"]
[BlackElo "2368"]
[TimeControl "180+1"]
[EndTime "10:30:03 PDT"]
[Termination "Game drawn - insufficient material"]

1. d4 Nf6 2. c4 e6 3. g3 Be7 4. Bg2 O-O 5. Nf3 d5 6. O-O dxc4 7. Qc2 b5 8. a4 b4 9. Nfd2 c6 10. Nxc4 Qxd4 11. Rd1 Qc5 12. Be3 Qh5 13. Nbd2 Nd5 14. Nf3 Ba6 15. Nd4 c5 16. Nb5 Nc6 17. Bf3 Qg6 18.
Qxg6 hxg6 19. Bxd5 exd5 20. Rxd5 Rac8 21. Bxc5 Bxb5 22.
axb5 Bxc5 23. Rxc5 Nd4 24. Rxc8 Rxc8 25. Nd6 Rd8 26.
Ne4 Nxb5 27. Ra5 Rb8 28. e3 Rb7 29. Kf1 f5 30. Nc5 Rb8 31. Ke2 Nd6 32. Rxa7 Nc4 33. b3 Ne5 34. Ne6 Nf7 35. Nc7 Rc8 36. Nd5 Rc2+ 37.
Ke1 Rb2 38. Nxb4 Ne5 39. Ra8+ Kh7 40. Ra3 Nf3+ 41. Kf1 Nxh2+ 42. Ke1 Ng4 43. Nd3 Rb1+ 44. Ke2 Nf6 45. b4 Ne4 46. Ra7 g5 47. Ra5 Kg6 48. Ra6+ Kh5 49. Ra8 g4 50. Nf4+ Kg5 51. Ra6 Nf6 52. Ne6+ Kh6 53. Nd4 Rb2+ 54. Kd3 Rxb4 55.
Nxf5+ Kg5 56. Nxg7 Rb3+ 57. Ke2 Rb2+ 58. Kf1 Ne4 59. Ne6+ Kf5 60. Nf4 Rxf2+ 61. Kg1 Rb2 62. Ra5+ Kf6 63. Ra6+ Ke7 64. Ra7+ Kd8 65. Rg7 Rb1+ 66.
Kg2 Rb2+ 67. Kg1 Nxg3 68. Rxg4 Rb1+ 69. Kg2 Ne4 70. Kf3 Nd2+ 71. Ke2 Nc4 72. Rg7 Rb2+ 73. Kd3 Ne5+ 74. Ke4 Nd7 75. Ne6+ Ke8 76. Rg1 Ke7 77. Nd4 Rb4 78. Kd5 Ra4 79. Nc6+ Kf6 80. e4 Nb6+ 81.
Kc5 Nd7+ 82. Kd6 Nf8 83. e5+ Kf7 84. Rf1+ Ke8 85. e6 Re4 86. e7 Ng6 87. Rf6 Nxe7 88.
Nxe7 Rxe7 89. Re6 Rxe6+ 90. Kxe6 1/2-1/2

[Event "*** Titled Tuesday Blitz"]
[Site "Chess.com"]
[Date "2020.05.26"]
[Round "3"]
[White "AtabayevSaparmyrat"]
[Black "LuckSlayeer"]
[Result "0-1"]
[WhiteElo "2794"]
[BlackElo "2462"]
[TimeControl "180+1"]
[EndTime "10:30:11 PDT"]
[Termination "LuckSlayeer won by resignation"]

1. e4 c5 2. Nf3 Nc6 3. d4 cxd4 4.
Nxd4 e5 5. Nb5 d6 6. N1c3 a6 7. Na3 b5 8. Nd5 Nce7 9. c4 Nxd5 10. exd5 bxc4 11. Nxc4 Nf6 12. Be3 Rb8 13. Qa4+ Bd7 14. Qxa6 Nxd5 15. O-O-O Nb4 16. Qa7 Ra8 17. Qb6 Nxa2+ 18.
Kb1 Nc3+ 19. bxc3 Rb8 20. Kc1 Rxb6 21. Bxb6 Qa8 22. Bd3 Be7 23. Kd2 O-O 24. Ra1 Qxg2 25. Rhg1 Qf3 26. Ra7 Bb5 27. Rxe7 Bxc4 28. Bxc4 Qf4+ 29.
Kd3 Qf3+ 30. Kc2 Qe4+ 31. Bd3 Qa4+ 32. Kd2 Qa2+ 33. Bc2 Qd5+ 34. Kc1 Rb8 35. Rc7 g6 36. Be3 Kg7 37. Rd1 Qa5 38. Kd2 Qa3 39. Rb1 Rxb1 40. Bxb1 Qa5 41. Rb7 Qd5+ 42. Bd3 Qxb7 43. c4 Qc7 44. f4 exf4 45. Bxf4 f6 46. Bg3 Qc5 47. Kc3 Qg5 48. Bxd6 Qc1+ 49. Kd4 Qa1+ 50. Kd5 Qh1+ 51.
Be4 Qd1+ 52. Kc6 f5 53. Bd5 Kf6 54. c5 Qa4+ 55. Kc7 Qa5+ 56. Kd7 Qa7+ 57. Kd8 Qa5+ 58. Kd7 Qa7+ 59. Kd8 f4 60. Bc6 Qa5+ 61. Kd7 Qa7+ 62. Bc7 Qa3 63. Bxf4 Qxc5 64. Bd6 Qd4 65. Kc7 Kg5 66.
Bg3 h5 67. h4+ Kg4 68. Bd6 Qb2 69. Be8 Qa2 70. Kd7 Kxh4 71. Bxg6 Qa7+ 72. Ke6 Qe3+ 73.
Be5 Kg4 74. Bf5+ Kg5 75. Bh7 Qb6+ 76. Bd6 Qb3+ 77. Ke7 h4 78. Bg8 Qxg8 79. Bf4+ Kxf4 0-1

[Event "*** Titled Tuesday Blitz"]
[Site "Chess.com"]
[Date "2020.05.26"]
[Round "3"]
[White "BogdanDeac"]
[Black "RubensCezila"]
[Result "1/2-1/2"]
[WhiteElo "2947"]
[BlackElo "2464"]
[TimeControl "180+1"]
[EndTime "10:30:24 PDT"]
[Termination "Game drawn by agreement"]

1. e4 c6 2. Nf3 d5 3. d3 Bg4 4. h3 Bxf3 5. Qxf3 e6 6. Nd2 Nd7 7. g3 g6 8. Bg2 Bg7 9. Qe2 Ne7 10. f4 Qb6 11. c3 h5 12. Nf3 c5 13.
exd5 Nxd5 14. Ng5 Nxc3 15. Qc2 Nb5 16. O-O Nd4 17. Qd1 O-O 18. Rb1 Rad8 19. Be3 Qa6 20. a3 Nf6 21. Bf2 Rfe8 22. Re1 b6 23. Kh2 Nf5 24.
Bf1 Qb7 25. Nf3 Nd5 26. h4 Nh6 27. Bh3 Nf6 28. Ne5 Qd5 29. b4 cxb4 30. axb4 Nhg4+ 31. Bxg4 hxg4 32. Nxg4 Nxg4+ 33. Qxg4 Qxd3 34. Qe2 Bc3 35.
Rb3 Qxe2 36. Rxe2 Bf6 37. Ra2 Rd7 38. Rba3 Rc8 39. Rxa7 Rxa7 40. Rxa7 Rc4 41. Ra8+ Kg7 42. Bxb6 Rxb4 43. Bc5 Rb2+ 44. Kh3 Rc2 45. Bf8+ Kh7 46. Ra7 Kg8 47. Bd6 Bd4 48. Ra8+ Kg7 49. Bf8+ Kh7 50.
Ra4 Bg1 51. Ra1 Rh2+ 52. Kg4 Bd4 53. Rd1 Bf6 54. Rd7 Kg8 55. Bc5 Rg2 56. Be3 Re2 57. Kf3 Re1 58. Rd3 Rb1 59. Bf2 Rb7 60. g4 Rc7 61.
Be1 Rc1 62. Bf2 Rc3 63. Rxc3 Bxc3 64. Ke4 f5+ 65. Kf3 Kf7 66. h5 fxg4+ 67. Kxg4 gxh5+ 68. Kxh5 e5 69. f5 e4 70. Kg4 Bd2 71. Bd4 e3 72. Kf3 Bc1 73. Ke2 Bd2 74. Kd1 Ke7 75. Kc2 Kf7 76. Kd3 Ke7 77. Be5 Kf7 78. Bd4 Ke7 79. Bb2 Kf7 80. Be5 Ke7 81. Bd4 Kf7 82. Bxe3 Bb4 83.
Bd4 Be7 84. Ke4 Bf8 85. Be5 Be7 86. Bf4 Bf8 87. Be3 Bg7 88. Bf4 Bf8 89. Be5 Be7 90.
Bd4 Bf8 91. Kd5 Be7 92. Be3 Bf8 93. Bg5 Bg7 1/2-1/2

[Event "*** Titled Tuesday Blitz"]
[Site "Chess.com"]
[Date "2020.05.26"]
[Round "3"]
[White "Barmen_EV"]
[Black "harkerchess"]
[Result "1/2-1/2"]
[WhiteElo "2451"]
[BlackElo "2058"]
[TimeControl "180+1"]
[EndTime "10:30:45 PDT"]
[Termination "Game drawn by 50-move rule"]

1. d4 d5 2. c4 c6 3. Nc3 Nf6 4. Nf3 dxc4 5. g3 Bf5 6. Ne5 Nbd7 7.
Nxc4 Nb6 8. Ne5 Nfd7 9. Nf3 e6 10. Bg2 Be7 11. O-O O-O 12. b3 a5 13. Bb2 Bd6 14. e4 Bg6 15. e5 Bc7 16. Qe2 Nd5 17. Rad1 N7b6 18. Ne4 a4 19. bxa4 Nxa4 20. Nc5 Nac3 21. Bxc3 Nxc3 22. Qd2 Nxd1 23. Rxd1 b6 24. Nb3 Qd7 25.
Nh4 Rfd8 26. Nxg6 hxg6 27. Qc3 Rac8 28. Bxc6 Bxe5 29. Bxd7 Rxc3 30. dxe5 Rc7 31. Kg2 Rcxd7 32. Rc1 Ra7 33. Rc2 Rda8 34. Nc1 Ra5 35. f4 Rc5 36. Rxc5 bxc5 37. Kf3 Ra3+ 38. Ke4 Rc3 39. Nd3 Rc2 40. h4 Rxa2 41. Nxc5 Ra3 42. g4 Ra5 43. Nd3 Ra4+ 44.
Ke3 Kh7 45. Nf2 Kh6 46. Ne4 Ra3+ 47. Kf2 Rh3 48. Ng5 Rxh4 49. Kg3 Rh1 50. Nxf7+ Kh7 51. Ng5+ Kg8 52. Nxe6 Kf7 53. Ng5+ Ke7 54. Nf3 Ra1 55. Kh4 Ra3 56. Nd4 Ra4 57. Ne2 Re4 58. Nc3 Rc4 59. Nd5+ Ke6 60. Ne3 Rxf4 61. Kg5 Kxe5 62.
Ng2 Ra4 63. Nh4 Ke4 64. Nxg6 Kf3 65. Ne5+ Kg3 66. Kg6 Ra5 67. Nf7 Kxg4 68. Kxg7 Ra6 69. Nh6+ Kh5 70. Nf7 Ra7 71. Kf6 Ra1 72. Ne5 Kh6 73.
Ke6 Kg7 74. Kd5 Kf6 75. Ng4+ Kf5 76. Ne3+ Kf4 77. Nc4 Rd1+ 78. Kc5 Ke4 79. Nd6+ Kd3 80. Kc6 Kd4 81. Nf5+ Ke4 82. Nd6+ Ke5 83. Nc4+ Ke6 84. Kc5 Rc1 85. Kd4 Kf5 86. Ne3+ Kf4 87. Nd5+ Kf3 88. Nc3 Rh1 89. Kd3 Rh4 90. Nd5 Ra4 91. Nc3 Ra6 92.
Kd4 Rd6+ 93. Nd5 Rd8 94. Ke5 Kg4 95. Nf6+ Kg5 96. Nd5 Re8+ 97. Kd6 Kf5 98. Ne7+ Kf6 99. Nd5+ Kf7 100. Kc5 Rd8 101. Ne3 Ke6 102. Nc4 Rd1 103. Ne3 Rc1+ 104. Nc4 Kd7 105. Kd4 Kc6 106. Ne5+ Kd6 107. Nc4+ Ke6 108. Ne3 Rc8 109. Ke4 Rh8 110. Kd4 Rh4+ 111. Kd3 Ke5 112. Nc4+ Kd5 113. Ne3+ Kc5 114. Nf5 Rf4 115. Ne3 Rd4+ 116. Ke2 Ra4 117. Kf3 Kd4 118. Nf5+ 1/2-1/2